 Dungeon Crawl Stone Soup version 0.17-a0-877-ga10078a (webtiles) character file.

35 Gruud the Vexing (level 3, -4/24 HPs)
             Began as a Demonspawn Enchanter on Apr 30, 2015.
             Slain by a gnoll
             ... wielding a +0 spear
              (8 damage)
             ... on level 2 of the Dungeon.
             The game lasted 00:04:24 (1017 turns).

Gruud the Vexing (Demonspawn Enchanter)             Turns: 1017, Time: 00:04:24

Health: -4/24      AC:  3    Str:  8    XL:     3   Next: 17%
Magic:  4/6        EV: 12    Int: 16    God:
Gold:   46         SH:  0    Dex: 14    Spells: 2 memorised, 3 levels left

rFire  . . .     SeeInvis .     a - +1 dagger
rCold  . . .     Clarity  .     j - +1 robe
rNeg   . . .     SustAb   .     (no shield)
rPois  .         Gourm    .     (no helmet)
rElec  .         Spirit   .     (no cloak)
rCorr  .         Warding  .     (no gloves)
rMut   .         Stasis   .     (no boots)
MR     .....                    (no amulet)
Stlth  +++.......               (no ring)
                                (no ring)

@: not resistant to hostile enchantments, fairly stealthy
A: talons 1, nightstalker 1
a: no special abilities


You were on level 2 of the Dungeon.
You were not hungry.

You visited 1 branch of the dungeon, and saw 2 of its levels.

You collected 46 gold pieces.

Inventory:

Hand weapons
 a - a +1 dagger (weapon)
 b - a +0 short sword
Missiles
 e - 47 stones (quivered)
Armour
 j - a +1 robe (worn)
Scrolls
 g - a scroll of identify {unknown}
 h - a scroll of teleportation {unknown}
 m - a scroll of fear {unknown}
Potions
 k - 2 potions of heal wounds {unknown}
 o - a potion of mutation {unknown}
Books
 c - a book of Maledictions

   Spells                             Type                      Level
   a - Corona                         Hexes                        1
   b - Ensorcelled Hibernation        Hexes/Ice                    2
   c - Confuse                        Hexes                        3
   d - Tukima's Dance                 Hexes                        3
   e - Dazzling Spray                 Conjuration/Hexes            3
Comestibles
 d - a bread ration
 f - a royal jelly
 i - 6 chunks of flesh
 l - a slice of pizza
 n - a meat ration


   Skills:
 + Level 1.2 Short Blades
 - Level 1.7 Dodging
 - Level 2.9 Stealth
 - Level 2.0 Spellcasting
 * Level 4.0 Hexes


You had 3 spell levels left.
You knew the following spells:

 Your Spells              Type           Power        Failure   Level  Hunger
a - Corona                Hex            ##.....      4%          1    #......
b - Ensorcelled Hibernat  Hex/Ice        #.....       14%         2    ###....


Dungeon Overview and Level Annotations

Branches:
Dungeon (2/15)

Altars:


Innate Abilities, Weirdness & Mutations

You have sharp toenails.
You are slightly more attuned to the shadows.


Message History

* * * LOW HITPOINT WARNING * * *
You slip out of the net!
The rat bites you.
* * * LOW HITPOINT WARNING * * *
Read which item? (? for menu, Esc to quit)
Okay, then.
Drink which item? (? for menu, Esc to quit)
Okay, then.
Casting: Ensorcelled Hibernation
Confirm with . or Enter, or press ? or * to list all spells.
Aiming: Ensorcelled Hibernation
Press: ? - help, Shift-Dir - straight line, f - gnoll
Aim: a gnoll, wielding a club (chance 49%)
The gnoll looks drowsy...
The rat bites you.
* * * LOW HITPOINT WARNING * * *
The helpless gnoll fails to defend itself.
You puncture the gnoll! Your kick misses the gnoll.
The gnoll is severely wounded.
The gnoll closely misses you. The rat closely misses you.
The gnoll hits you from afar with a spear!
You die...

### ... ..# .. ##.##.
.. .g...... #g#.#..#
#@#...
.#####r#.#######.##.
.>r.........<<.......
######.#.#######.##.
#.#.# ..#.# ####.#
#.# ..#


You could see 2 gnolls and a rat.

Vanquished Creatures
  A gnoll (D:1)
  A worm (D:1)
  A giant gecko (D:1)
  3 bats (D:1)
  A giant cockroach (D:1)
  2 goblins (D:1)
  3 hobgoblins
  3 kobolds (D:1)
  2 giant newts (D:1)
  3 rats (D:1)
20 creatures vanquished.

Notes
Turn   | Place    | Note
--------------------------------------------------------------
     0 | D:1      | Gruud, the Demonspawn Enchanter, began the quest for the Orb.
     0 | D:1      | Reached XP level 1. HP: 13/13 MP: 3/3
   282 | D:1      | Gained mutation: You are slightly more attuned to the shadows. [demonic ancestry]
   282 | D:1      | Reached XP level 2. HP: 14/19 MP: 5/5
   290 | D:1      | Learned a level 2 spell: Ensorcelled Hibernation
   604 | D:1      | Reached skill level 1 in Short Blades
   869 | D:1      | Reached skill level 4 in Hexes
   869 | D:1      | Gained mutation: You have sharp toenails. [demonic ancestry]
   869 | D:1      | Reached XP level 3. HP: 11/24 MP: 3/6
  1017 | D:2      | Slain by a gnoll

Action                   || total
-------------------------++-------
Melee: Dagger            ||    49
       Short sword       ||    17
 Cast: Corona            ||     1
       Ensorcelled Hiber ||     4
 Stab: Sleeping          ||     8
  Eat: Chunk             ||     1
